 Dungeon Crawl Stone Soup version 0.29.1-1-gd02db6906a (webtiles) character file.

Game seed: 5716393272035477261

4969 raistware the Destroyer (level 10, -9/58 HPs)
             Began as an Octopode Conjurer on Sept 26, 2022.
             Was an Initiate of Vehumet.
             Killed from afar by a gargoyle (29 damage)
             ... with a stone arrow
             ... on level 9 of the Dungeon.
             The game lasted 00:24:52 (14206 turns).

raistware the Destroyer (Octopode Conjurer)        Turns: 14206, Time: 00:24:53

Health: -9/58      AC:  1    Str:  6    XL:     10   Next: 53%
Magic:  2/24       EV: 13    Int: 25    God:    Vehumet [......]
Gold:   426        SH:  0    Dex: 11    Spells: 24/29 levels left

rFire   . . .      SeeInvis .   d - +5 scimitar (freeze)
rCold   . . .      Faith    .   (no shield)
rNeg    . . .      Spirit   .   (helmet restricted)
rPois   +          Reflect  .   (no amulet)
rElec   .          Harm     .   v - ring of resist corrosion
rCorr   +          Rampage  .   w - ring of poison resistance
Will    .....                   G - ring of flight
Stlth   +++.......              (no ring)
HPRegen 0.19/turn               (no ring)
MPRegen 0.19/turn               (no ring)
                                (no ring)
                                (no ring)

@: flying
A: almost no armour, amphibious, 8 rings, camouflage 1, gelatinous body 1,
(nimble swimmer 1), tentacles
a: Renounce Religion


You were on level 9 of the Dungeon.
You worshipped Vehumet.
Vehumet was noncommittal.
You visited 2 branches of the dungeon, and saw 10 of its levels.
You also visited: Sewer.

You collected 426 gold pieces.

Inventory:

Hand Weapons
 d - a +5 scimitar of freezing (weapon)
Missiles
 i - 6 silver boomerangs
 m - 47 poisoned darts
 q - 2 curare-tipped darts
Magical Staves
 l - a staff of death
Jewellery
 v - a ring of resist corrosion (left tentacle)
 w - a ring of poison resistance (right tentacle)
 G - a ring of flight (on tentacle)
Wands
 j - a wand of polymorph (10)
 y - a wand of digging (5)
 I - a wand of charming (10)
 L - a wand of roots (5)
 M - a wand of flame (9)
Scrolls
 e - 2 scrolls of enchant weapon
 h - 2 scrolls of fear
 n - a scroll of acquirement {unknown}
 p - 2 scrolls of blinking {unknown}
 x - 3 scrolls of vulnerability
 B - 3 scrolls of teleportation
 C - 2 scrolls of enchant armour {unknown}
 F - 2 scrolls of magic mapping {unknown}
 H - 3 scrolls of amnesia
 J - a scroll of torment {unknown}
 K - a scroll of brand weapon {unknown}
 N - a scroll of poison {unknown}
Potions
 a - 4 potions of magic
 b - 2 potions of heal wounds
 c - 6 potions of curing
 f - 8 potions of might
 o - 2 potions of cancellation
 r - a potion of mutation {unknown}
 s - a potion of ambrosia {unknown}
 t - 4 potions of invisibility {unknown}
 u - 2 potions of brilliance {unknown}
 z - 2 potions of lignification {unknown}
 D - 2 potions of haste
 E - a potion of resistance {unknown}


   Skills:
 - Level 1.0 Fighting
 - Level 2.0 Dodging
 - Level 3.0 Stealth
 + Level 10.2 Spellcasting
 + Level 11.0 Conjurations
 - Level 2.0 Translocations
 - Level 1.0 Evocations


You had 24 spell levels left.
You knew the following spells:

 Your Spells              Type           Power      Damage    Failure   Level
a - Magic Dart            Conj           100%       1d8       1%          1
b - Iskenderun's Mystic   Conj/Tloc      45%        2d10      3%          4

Your spell library contained the following spells:

 Spells                   Type           Power      Damage    Failure   Level
 Searing Ray              Conj           100%       2d8       1%          2
 Dazzling Flash           Conj/Hex       80%        N/A       1%          3
 Beastly Appendage        Tmut           24%        N/A       4%          1
 Freeze                   Ice            48%        1d7       4%          1
 Summon Small Mammal      Summ           48%        N/A       4%          1
 Fulminant Prism          Conj/Hex       20%        3d13      4%          4
 Hailstorm                Conj/Ice       40%        3d10      4%          4
 Wereblood                Tmut           12%        N/A       8%          2
 Call Canine Familiar     Summ           12%        N/A       14%         3
 Frozen Ramparts          Ice            24%        1d4       14%         3
 Ozocubu's Armour         Ice            12%        N/A       14%         3
 Spider Form              Tmut/Pois      12%        N/A       14%         3
 Summon Guardian Golem    Hex/Summ       12%        N/A       14%         3
 Orb of Destruction       Conj           30%        9d10      41%         7
 Corpse Rot               Necr/Pois/Air  12%        N/A       43%         4
 Dispel Undead            Necr           12%        3d9       43%         4
 Ice Form                 Ice/Tmut       12%        N/A       43%         4
 Spellforged Servitor     Conj/Summ      20%        N/A       99%         7
 Death Channel            Necr           6%         N/A       100%        6
 Simulacrum               Ice/Necr       6%         N/A       100%        6
 Ozocubu's Refrigeration  Ice            6%         4d8       100%        7


Dungeon Overview and Level Annotations

Branches:
Dungeon (9/15)             Temple (1/1) D:5           Sewer (visited)
   Lair: D:8-11         Orc: D:9-12

Altars:
Ashenzari
Cheibriados
Dithmenos
Elyvilon
Fedhas
Gozag
Hepliaklqana
Kikubaaqudgha
Makhleb
Nemelex Xobeh
Okawaru
Qazlal
Ru
Sif Muna
Trog
Uskayaw
Vehumet
Wu Jian
Xom
Yredelemnul
Zin
The Shining One


Innate Abilities, Weirdness & Mutations

You cannot wear most types of armour.
You are amphibious.
You can wear up to eight rings at the same time.
Your skin changes colour to match your surroundings (Stealth+).
Your rubbery body absorbs attacks. (AC +1, EV +1)
((You are camouflaged when in or above water. (Stealth+)))
You have tentacles for arms and can constrict up to eight enemies at once.


Message History

You erupt in a blast of force!
The mystic blast hits the gargoyle.
The gargoyle is heavily damaged.
The gargoyle is knocked back by the mystic blast.
The gargoyle slams into the stone wall!
Unknown command.
Casting: Iskenderun's Mystic Blast (dangerous; 3% risk of failure)
Confirm with . or Enter, or press ? or * to list all spells.
You erupt in a blast of force!
The mystic blast hits the gargoyle but does no damage.
The gargoyle is heavily damaged.
Unknown command.
Casting: Iskenderun's Mystic Blast (dangerous; 3% risk of failure)
Confirm with . or Enter, or press ? or * to list all spells.
You erupt in a blast of force!
The mystic blast hits the gargoyle but does no damage.
The gargoyle is heavily damaged.
The gargoyle hits you with a +0 mace!!
* * * LOW HITPOINT WARNING * * *
Casting: Iskenderun's Mystic Blast (dangerous; 3% risk of failure)
Confirm with . or Enter, or press ? or * to list all spells.
You erupt in a blast of force!
The mystic blast hits the gargoyle.
The gargoyle is severely damaged.
The gargoyle is knocked back by the mystic blast.
The gargoyle slams into the stone wall!
The gargoyle hurls a stone arrow at you.
The stone arrow misses you.
Unknown command.
Aiming: Fastroot
Press: ? - help, Shift-Dir - straight line, f/p - gargoyle
Aim: a gargoyle, wielding a +0 mace (severely damaged)
The roots erupt in riotous growth!
Roots grab the gargoyle.
The grasping roots constrict the gargoyle, but do no damage.
The gargoyle struggles to escape constriction.
You feel much better.
The grasping roots constrict the gargoyle, but do no damage.
The gargoyle hurls a stone arrow at you.
The stone arrow hits you!!
Ouch! That really hurt!
You die...

..)..†).####8###..# #.# #
.###)......####...# #.# #
#......).####...##### #.######
#.#.#...............####.#....)
#.#....).................#)#)).
#.#..#..............###..#.#)##
#[#..#...####...##### #.....)##
#........# #...## ##...####
####.##### #.@.9# ##).#### #.
######.# #...... . ##....#.#
#.##### ......'.# #.# ...9..###
#.# ######### #.##### #.#
#####...... #.# #......#### #.#
#.####.#


You could see a gargoyle (rooted).

Vanquished Creatures
  2 trolls (D:9)
  3 wyverns
  A wraith (D:9)
  2 steam dragons
  A water moccasin (D:9)
  3 orc warriors
  An ice beast (D:8)
  2 black bears
  4 ogres
  A centaur (D:8)
  A phantom (D:6)
  7 kobold brigands
  2 bullfrogs
  A necrophage (D:5)
  A scorpion (D:5)
  A gnoll sergeant (D:9)
  10 wights
  3 killer bees (D:9)
  A howler monkey (D:8)
  3 orc priests
  6 hounds
  A gnoll bouda (D:7)
  2 iguanas (D:5)
  Terence (D:3)
  6 orc wizards
  13 gnolls
  7 adders
  4 river rats (Sewer)
  2 white imps (D:5)
  An ufetubus (D:5)
  A worm (D:6)
  5 dart slugs
  32 orcs
  13 ball pythons
  4 bats
  5 endoplasms
  4 giant cockroaches
  2 hobgoblins
  6 jackals
  41 kobolds
  4 quokkas
  4 frilled lizards
  8 goblins
  21 rats
243 creatures vanquished.

Vanquished Creatures (collateral kills)
  2 wights (D:7)
  An orc priest (D:7)
  An orc (D:7)
4 creatures vanquished.

Vanquished Creatures (others)
  A wight (D:7)
  An orc wizard (D:6)
2 creatures vanquished.

Grand Total: 249 creatures vanquished

Notes
Turn   | Place    | Note
-------+----------+-------------------------------------------
     0 | D:1      | raistware the Octopode Conjurer began the quest for the
                  | Orb.
     0 | D:1      | Reached XP level 1. HP: 11/11 MP: 3/3
   619 | D:1      | Reached XP level 2. HP: 17/17 MP: 1/5
  1070 | D:2      | Reached XP level 3. HP: 21/21 MP: 0/7
  1952 | D:3      | Reached XP level 4. HP: 27/27 MP: 6/9
  1993 | D:3      | Learned a level 4 spell: Iskenderun's Mystic Blast
  2002 | D:3      | Noticed a black bear
  2490 | D:3      | You fall into a shaft and drop 1 floor!
  2536 | D:3      | Noticed Terence
  2543 | D:3      | Killed Terence
  2544 | D:3      | Reached skill level 1 in Translocations
  2884 | D:3      | Found a sparkling altar of Nemelex Xobeh.
  2885 | D:3      | Found a blossoming altar of Fedhas.
  2924 | D:3      | Killed a black bear
  2925 | D:3      | Reached XP level 5. HP: 31/31 MP: 8/11
  3429 | D:4      | Reached XP level 6. HP: 36/36 MP: 7/12
  3932 | D:4      | Reached skill level 5 in Conjurations
  4054 | D:4      | Found a hide-covered altar of Uskayaw.
  4114 | D:4      | Found a stormy altar of Qazlal.
  4391 | D:5      | Entered Level 5 of the Dungeon
  4395 | D:5      | Found a staircase to the Ecumenical Temple.
  4402 | Temple   | Entered the Ecumenical Temple
  4602 | D:5      | Reached skill level 5 in Spellcasting
  4710 | D:5      | Reached XP level 7. HP: 35/41 MP: 1/14
  5121 | D:5      | Reached skill level 6 in Conjurations
  5753 | D:6      | Found a glowing drain.
  5792 | Sewer    | Entered a sewer
  6410 | Sewer    | Reached XP level 8. HP: 35/46 MP: 12/17
  6598 | Sewer    | Reached skill level 7 in Conjurations
  8275 | D:6      | Reached skill level 8 in Conjurations
  8823 | D:6      | Reached XP level 9. HP: 33/51 MP: 15/20
  9731 | D:7      | Reached skill level 9 in Conjurations
 10932 | D:8      | Reached skill level 1 in Evocations
 11122 | D:8      | Noticed Maurice
 11128 | D:8      | Noticed Maurice
 11128 | D:8      | Maurice changed into Maurice the wyvern
 11136 | D:8      | Killed Maurice the wyvern
 11137 | D:8      | Reached skill level 1 in Fighting
 11420 | D:8      | HP: 2/53 [centaur/arrow (14)]
 12609 | D:9      | Reached skill level 10 in Conjurations
 12609 | D:9      | Reached XP level 10. HP: 50/58 MP: 10/23
 13499 | D:9      | Found a sacrificial altar of Ru.
 13500 | D:9      | Found a radiant altar of Vehumet.
 13506 | D:9      | Became a worshipper of Vehumet
 13590 | D:9      | Reached skill level 10 in Spellcasting
 14077 | D:9      | Reached skill level 11 in Conjurations
 14188 | D:9      | Noticed a gargoyle
 14206 | D:9      | Killed from afar by a gargoyle

Illustrated notes

Levels and vault maps discovered:
D:1:      pf_arrival_petrified_forest, layout_basic
D:2:      layout_rooms
D:3:      layout_basic, gammafunk_temple_overflow_pools, uniq_terence
D:4:      layout_gridville, mainiacjoe_overflow_cross_hatched,
          nicolae_qazlal_scattered_showers, serial_bayou_crossing
D:5:      layout_basic, minmay_temple_entry_mini_moons,
          hellmonk_bongcloud_opening, columned_hall_lemuel
D:6:      layout_cave_pods, portal_sewer_entry_a, item_on_display_a
D:7:      layout_loops_ring, kennysheep_another_room
D:8:      layout_layer_cave, minivault_24, uniq_maurice
D:9:      minmay_sliced_demisemicircle, layout_loops_cross,
          gammafunk_temple_overflow_statue
Temple:   nicolae_temple_x_marks_the_god

Skill      XL: |  1  2  3  4  5  6  7  8  9 10 |
---------------+-------------------------------+-----
Spellcasting   | 3 4 5 6 7 9 10 | 10.2
Translocations | 2 |  2.0
Conjurations   | 5 6 8 10 11 | 11.0
Stealth        | 3 |  3.0
Evocations     | 1 |  1.0
Fighting       | 1 |  1.0
Dodging        | |  2.0

Action                   |  1- 3 |  4- 6 |  7- 9 | 10-12 || total
-------------------------+-------+-------+-------+-------++-------
Melee: Dagger            |     8 |     8 |    95 |    15 ||   126
       Constrict         |     4 |     2 |    24 |     5 ||    35
       Tentacles         |     2 |     3 |    26 |     8 ||    39
       Scimitar          |       |       |       |     4 ||     4
Throw: Dart              |       |       |    11 |       ||    11
 Cast: Magic Dart        |    59 |    93 |   276 |    33 ||   461
       Iskenderun's Myst |       |     6 |    41 |    31 ||    78
Evoke: Wand              |       |     5 |     9 |     6 ||    20
  Use: Scroll            |       |       |       |    10 ||    10
       Potion            |       |       |       |     2 ||     2
 Stab: Sleeping          |       |     1 |     1 |       ||     2
Armor: Skin              |       |     2 |     8 |       ||    10
Dodge: Dodged            |     9 |    13 |   109 |    16 ||   147
